 Dungeon Crawl Stone Soup version 0.27-a0-1595-g0b823d0a13 (webtiles) character file.

Game seed: 1842408213051076143

65 ezpacito the Skirmisher (level 3, -1/29 HPs)
             Began as a Demonspawn Abyssal Knight on July 20, 2021.
             Was a Believer of Lugonu.
             Slain by Sigmund (13 damage)
             ... on level 2 of the Dungeon.
             The game lasted 00:03:04 (1977 turns).

ezpacito the Skirmisher (Demonspawn Abyssal Knight) Turns: 1977, Time: 00:03:05

Health: -1/29      AC:  3    Str: 12    XL:     3   Next: 92%
Magic:  5/5        EV: 11    Int: 13    God:    Lugonu [**....]
Gold:   52         SH:  0    Dex: 13    Spells: 3/3 levels left

rFire    . . .     SeeInvis .   a - +1 hand axe
rCold    . . .     Faith    .   (no shield)
rNeg     . . .     Spirit   .   b - +0 leather armour
rPois    .         Reflect  .   (no helmet)
rElec    .         Harm     .   f - scarf {+Inv}
rCorr    .         Rampage  .   (no gloves)
Will     .....                  (no boots)
Stlth    +.........             (no amulet)
HPRegen  0.09/turn              (no ring)
MPRegen  0.09/turn              (no ring)

@: no status effects
A: powered by pain 1, demonic magic 1
a: Renounce Religion, Evoke Invisibility, Depart the Abyss, Bend Space


You were on level 2 of the Dungeon.
You worshipped Lugonu.
Lugonu was pleased with you.
You visited 1 branch of the dungeon, and saw 2 of its levels.
You visited the Abyss 1 time.

You collected 52 gold pieces.

Inventory:

Hand Weapons
 a - a +1 hand axe (weapon)
Missiles
 d - 62 stones
 l - 4 atropa-tipped darts
Armour
 b - a +0 leather armour (worn)
 f - a scarf of invisibility (worn)
Scrolls
 c - a scroll of fear {unknown}
 e - 3 scrolls of noise {unknown}
 g - a scroll of identify {unknown}
 h - a scroll of enchant armour {unknown}
 j - a scroll of teleportation {unknown}
 k - a scroll of immolation {unknown}


   Skills:
 + Level 3.3 Fighting
 * Level 2.7 Axes
 + Level 2.1 Armour
 + Level 1.3 Dodging
 + Level 0.7 Spellcasting
 + Level 2.9 Invocations


You had 3 spell levels left.
You didn't know any spells.
Your spell library was empty.

Dungeon Overview and Level Annotations

Branches:
Dungeon (2/15)

Altars:

Annotations:
D:2 Sigmund


Innate Abilities, Weirdness & Mutations

You sometimes gain a little power by taking damage.
Spells you cast may paralyse adjacent enemies.


Message History

You kill the giant cockroach!
Lugonu accepts your kill.
You see here a giant cockroach corpse.
Sigmund the Dreaded comes into view.
He is wielding a +0 scythe and carrying a wand of flame (21).
Sigmund shouts!
Sigmund is nearby!
Sigmund is nearby!
Okay, then.
Okay, then.
You aren't carrying any items that you can evoke.
It was a potion of ambrosia.
You are confused.
You feel invigorated. Sigmund gestures at you while chanting.
The puff of flame hits you!
You aren't carrying any potions.
You bump into the rock wall.
Sigmund zaps a wand.
The puff of flame misses you.
You bump into the rock wall.
You bump into the rock wall.
Sigmund gestures wildly while chanting.
Sigmund flickers and vanishes!
Deactivating autopickup; reactivate with Ctrl-A.
You bump into the rock wall.
You bump into the rock wall.
Something hits you.
You hear a zap.
A puff of flame appears from out of thin air!
The puff of flame hits you.
You barely miss something.
You hear some strange, mumbled words.
A magic dart appears from out of thin air!
The magic dart hits you!
You bump into the rock wall.
You feel less invigorated.
You feel less confused. Something hits you!
You hit something.
An endoplasm comes into view.
Something hits you.
The endoplasm quivers.
You hit something. Something hits you!
You die...

#.#.#.#
#.#.########
#....†...#
#........###.#
######.### #.#
#.#####.#
#.......#
#.###.#.# #.#
#@#.# ###
#{#.# #.#.#
#.#.# #....
.J..# ###


You could see an endoplasm.

Vanquished Creatures
  An adder (D:2)
  2 dart slugs (D:2)
  2 ball pythons
  5 bats
  6 endoplasms
  4 giant cockroaches
  7 goblins
  2 hobgoblins (D:1)
  4 jackals (D:1)
  5 kobolds
  3 quokkas (D:1)
  2 frilled lizards (D:1)
  2 rats
45 creatures vanquished.

Notes
Turn   | Place    | Note
-------+----------+-------------------------------------------
     0 | Abyss:1  | ezpacito the Demonspawn Abyssal Knight began the quest for
                  | the Orb.
     0 | Abyss:1  | Reached XP level 1. HP: 18/18 MP: 2/2
    31 | Abyss:1  | Noticed a tentacled starspawn
    32 | Abyss:1  | Noticed a small abomination
    44 | D:1      | Escaped the Abyss
    76 | D:1      | Found a faded altar of an unknown god.
   129 | D:1      | Reached skill level 1 in Dodging
   158 | D:1      | Reached * piety under Lugonu
   159 | D:1      | Gained mutation: Spells you cast may paralyse adjacent
                  | enemies. [demonic ancestry]
   159 | D:1      | Reached XP level 2. HP: 24/24 MP: 3/3
   836 | D:1      | Gained mutation: You sometimes gain a little power by
                  | taking damage. [demonic ancestry]
   836 | D:1      | Reached XP level 3. HP: 16/29 MP: 3/5
  1494 | D:2      | Reached ** piety under Lugonu
  1965 | D:2      | Noticed Sigmund
  1977 | D:2      | Slain by Sigmund

Illustrated notes

Levels and vault maps discovered:
D:1:      lordsloth_arrival_two_stooges, layout_rooms,
          ebering_ecumenical_altar_mist, supply_closet_lemuel
D:2:      layout_basic, due_unseen_surprise, uniq_sigmund,
          uniq_crazy_yiuf_cottage

Skill      XL: |  1  2 |
---------------+-------+-----
Axes           | 2 |  2.7
Dodging        | 1 |  1.3
Armour         | 2 |  2.1
Fighting       | |  3.3
Spellcasting   | |  0.7
Invocations    | |  2.9

Action                   || total
-------------------------++-------
Melee: Hand axe          ||   125
Invok: Depart the Abyss  ||     1
  Use: Potion            ||     2
 Stab: Sleeping          ||     1
Armor: Leather armour    ||    58
Dodge: Dodged            ||   109

Table legend: (Time is in decaauts)
 A = Elapsed time spent in this place.
 B = Non-inter-level travel time spent in this place.
 C = Inter-level travel time spent in this place.
 D = Time resting spent in this place.
 E = Time spent auto-exploring this place.
 F = Levels seen in this place.
 G = Mean time per level.
                   A        B        C        D        E       F      G
               +--------+--------+--------+--------+--------+-----+--------+
         Total |   1998 |   1983 |     15 |    649 |   1006 |   3 |  666.0 |
       Dungeon |   1954 |   1939 |     15 |    649 |    976 |   2 |  977.0 |
         Abyss |     44 |     44 |      0 |      0 |     30 |   1 |   44.0 |
               +--------+--------+--------+--------+--------+-----+--------+

Top non-repeatable levels by time:
     D:1: 1315 daAuts
     D:2: 639 daAuts
 Abyss:1: 44 daAuts
